Workbook

Sheet Sommaire
C1: 168R - XXXXXXXX - BUDGET vs. DEPENSES 2017
A5: Periode : Du 1-Nov-2017 au | C5: 43069
A8: LIBELLE | C8: BUDGET (FCFA) | F8: DEPENSES (FCFA) | U8: BUDGET vs. DEPENSES (FCFA)
C9: CUMUL 3 MOIS | D9: MENSUEL | F9: 42736 | G9: 42767 | H9: 42795 | I9: 42826 | J9: 42856 | K9: 42887 | L9: 42917 | M9: 42948 | N9: 42979 | O9: 43009 | P9: 43040 | Q9: 43070 | R9: 43101 | S9: TOTAL | U9: DIFFERENCE (+/-) | V9: %
A10: ENGINS + LOGISTIQUE | C10: =+D10*3 -> 559091601 | D10: =+'ENGINS + LOGISTIQUE'!D25 -> 186363867 | F10: =+'ENGINS + LOGISTIQUE'!F25 -> 0 | G10: =+'ENGINS + LOGISTIQUE'!G25 -> 0 | H10: =+'ENGINS + LOGISTIQUE'!H25 -> 0 | I10: =+'ENGINS + LOGISTIQUE'!I25 -> 0 | J10: =+'ENGINS + LOGISTIQUE'!J25 -> 0 | K10: =+'ENGINS + LOGISTIQUE'!K25 -> 0 | L10: =+'ENGINS + LOGISTIQUE'!L25 -> 0 | M10: =+'ENGINS + LOGISTIQUE'!M25 -> 0 | ... O10: =+'ENGINS + LOGISTIQUE'!O25 -> 0 | P10: =SUMPRODUCT(--(LEFT('ENG1'!A2:A15,2)="64")*('ENG1'!B2:B15))+SUMPRODUCT(--(LEFT('ENG1'!A2:A15,2)="66")*('ENG1'!B2:B15)) -> 10000000 | Q10: =+'ENGINS + LOGISTIQUE'!Q25 -> 0 | R10: =+'ENGINS + LOGISTIQUE'!R25 -> 0 | S10: =+SUM(F10:R10) -> 10000000 | U10: =+IFERROR(C10-SUM(O10:R10),"") -> 549091601 | V10: =(U10/C10)-1 -> -0.017886157
A12: GASOIL | C12: =+D12*3 -> 195286608 | D12: =+GASOIL!D24 -> 65095536 | U12: =+IFERROR(C12-SUM(O12:R12),"") -> 195286608 | V12: =(U12/C12)-1 -> 0
A14: PERSONNEL | C14: =+D14*3 -> 47130000 | D14: =+MO!D22 -> 15710000 | U14: =+IFERROR(C14-SUM(O14:R14),"") -> 47130000 | V14: =(U14/C14)-1 -> 0
A16: MATERIAUX | C16: =+D16*3 -> 42768000 | D16: =+MATERIAUX!D12 -> 14256000 | U16: =+IFERROR(C16-SUM(O16:R16),"") -> 42768000 | V16: =(U16/C16)-1 -> 0
A18: FRAIS DE CHANTIER | C18: =+D18*3 -> 52276620 | D18: =+'FRAIS DE CHANTIER'!D23 -> 17425540 | U18: =+IFERROR(C18-SUM(O18:R18),"") -> 52276620 | V18: =(U18/C18)-1 -> 0
A20: INSTALLATION | C20: =+D20*3 -> 5500000 | D20: 1833333.3 | U20: =+IFERROR(C20-SUM(O20:R20),"") -> 5500000 | V20: =(U20/C20)-1 -> 0
A22: PLAN D'URGENCE | C22: =+D22*3 -> 161835000 | D22: 53945000 | U22: =+IFERROR(C22-SUM(O22:R22),"") -> 161835000 | V22: =(U22/C22)-1 -> 0
A24: TOTAL COUTS DIRECTS | C24: =+SUM(C10:C22) -> 1.0638878e+09 | D24: =+SUM(D10:D22) -> 3.5462928e+08 | F24: =+SUM(F10:F22) -> 0 | G24: =+SUM(G10:G22) -> 0 | H24: =+SUM(H10:H22) -> 0 | I24: =+SUM(I10:I22) -> 0 | J24: =+SUM(J10:J22) -> 0 | K24: =+SUM(K10:K22) -> 0 | L24: =+SUM(L10:L22) -> 0 | M24: =+SUM(M10:M22) -> 0 | ... R24: =+SUM(R10:R22) -> 0 | S24: =SUM(F24:R24) -> 10000000 | U24: =+IFERROR(C24-S24,"") -> 1.0538878e+09 | V24: =(U24/C24)-1 -> -0.0093994872
A26: FRAIS DE DIRECTION | U26: =+IFERROR(C26-SUM(O26:R26),"") -> 0 | V26: =+IFERROR(D26/S26-1,"")
A27: INTERETS BANCAIRES | U27: =+IFERROR(C27-SUM(O27:R27),"") -> 0 | V27: =+IFERROR(D27/S27-1,"")
A28: TAXES | U28: =+IFERROR(C28-SUM(O28:R28),"") -> 0 | V28: =+IFERROR(D28/S28-1,"")
A29: TOTAL COUTS INDIRECTS | C29: =+SUM(C26:C28) -> 0 | D29: =+SUM(D26:D28) -> 0 | F29: =+SUM(F26:F28) -> 0 | G29: =+SUM(G26:G28) -> 0 | H29: =+SUM(H26:H28) -> 0 | I29: =+SUM(I26:I28) -> 0 | J29: =+SUM(J26:J28) -> 0 | K29: =+SUM(K26:K28) -> 0 | L29: =+SUM(L26:L28) -> 0 | M29: =+SUM(M26:M28) -> 0 | ... R29: =+SUM(R26:R28) -> 0 | S29: =SUM(F29:R29) -> 0 | U29: =+IFERROR(D29-S29,"") -> 0 | V29: =+IFERROR(D29/S29-1,"")
U30: =+IFERROR(D30-S30,"") -> 0 | V30: =+IFERROR(D30/S30-1,"")
A31: TOTAL GENERAL | C31: =+C24+C29 -> 1.0638878e+09 | D31: =+D24+D29 -> 3.5462928e+08 | F31: =+F24+F29 -> 0 | G31: =+G24+G29 -> 0 | H31: =+H24+H29 -> 0 | I31: =+I24+I29 -> 0 | J31: =+J24+J29 -> 0 | K31: =+K24+K29 -> 0 | L31: =+L24+L29 -> 0 | M31: =+M24+M29 -> 0 | ... R31: =+R24+R29 -> 0 | S31: =SUM(F31:R31) -> 10000000 | U31: =+IFERROR(C31-S31,"") -> 1.0538878e+09 | V31: =(U31/C31)-1 -> -0.0093994872

Sheet ENGINS + LOGISTIQUE
A8: DESIGNATION | C8: BUDGET (FCFA) | F8: DEPENSES (FCFA) | U8: BUDGET vs. DEPENSES (FCFA) | X8: N°COMPTE | Y8: MONTANTS
C9: CUMUL 3 MOIS | D9: MENSUEL | F9: 42736 | G9: 42767 | H9: 42795 | I9: 42826 | J9: 42856 | K9: 42887 | L9: 42917 | M9: 42948 | N9: 42979 | O9: 43009 | P9: 43040 | Q9: 43070 | R9: 43101 | S9: TOTAL | U9: DIFFERENCE (+/-) | V9: % | Y9: COMPTA | Z9: DEPENSES
A10: CHARGEUR 950 H | C10: =+D10*3 -> 59520000 | D10: 19840000 | F10: 0 | G10: 0 | H10: 0 | I10: 0 | J10: 0 | K10: 0 | L10: 0 | M10: 0 | N10: 0 | O10: 0 | P10: =+COUNTIFS('ENG1'!$A:$A,"*66",'ENG1'!A:A,"*64") -> 0 | Q10: 0 | R10: 0 | S10: =+SUM(F10:R10) -> 0 | U10: =+IFERROR(C10-SUM(O10:R10),"") -> 59520000 | V10: =(U10/C10)-1 -> 0 | X10: 622001 | Y10: =+SUMIF('ENG1'!$A:$A,'ENG1'!A2,'ENG1'!B:B) -> 1500000
A11: BULL D7 | C11: =+D11*3 -> 167400000 | D11: 55800000 | S11: =+SUM(F11:R11) -> 0 | U11: =+IFERROR(C11-SUM(O11:R11),"") -> 167400000 | V11: =(U11/C11)-1 -> 0 | X11: 622300 | Y11: =+SUMIF('ENG1'!$A:$A,'ENG1'!A3,'ENG1'!B:B) -> 0
A12: COMPACTEUR TAMPING 825(LAME ET PICOT) | C12: =+D12*3 -> 111600000 | D12: 37200000 | S12: =+SUM(F12:R12) -> 0 | U12: =+IFERROR(C12-SUM(O12:R12),"") -> 111600000 | V12: =(U12/C12)-1 -> 0 | X12: 622301 | Y12: =+SUMIF('ENG1'!$A:$A,'ENG1'!A4,'ENG1'!B:B) -> 15000000
A13: GRADER | C13: =+D13*3 -> 19530000 | D13: 6510000 | S13: =+SUM(F13:R13) -> 0 | U13: =+IFERROR(C13-SUM(O13:R13),"") -> 19530000 | V13: =(U13/C13)-1 -> 0 | X13: 622302 | Y13: =+SUMIF('ENG1'!$A:$A,'ENG1'!A5,'ENG1'!B:B) -> 0
A14: PELLE 320 | C14: =+D14*3 -> 19530000 | D14: 6510000 | S14: =+SUM(F14:R14) -> 0 | U14: =+IFERROR(C14-SUM(O14:R14),"") -> 19530000 | V14: =(U14/C14)-1 -> 0 | X14: 622399 | Y14: =+SUMIF('ENG1'!$A:$A,'ENG1'!A6,'ENG1'!B:B) -> 0
A15: COMPACTEUR VBRANT | C15: =+D15*3 -> 14880000 | D15: 4960000 | S15: =+SUM(F15:R15) -> 0 | U15: =+IFERROR(C15-SUM(O15:R15),"") -> 14880000 | V15: =(U15/C15)-1 -> 0
A16: CAMION BENNE 15 M3/ 25 T | C16: =+D16*3 -> 37665000 | D16: 12555000 | S16: =+SUM(F16:R16) -> 0 | U16: =+IFERROR(C16-SUM(O16:R16),"") -> 37665000 | V16: =(U16/C16)-1 -> 0
A17: TRANSPORT PERSONNEL | C17: =+D17*3 -> 9300000 | D17: 3100000 | S17: =+SUM(F17:R17) -> 0 | U17: =+IFERROR(C17-SUM(O17:R17),"") -> 9300000 | V17: =(U17/C17)-1 -> 0
A18: ECLAIRAGE SITE | C18: =+D18*3 -> 80240001 | D18: 26746667 | S18: =+SUM(F18:R18) -> 0 | U18: =+IFERROR(C18-SUM(O18:R18),"") -> 80240001 | V18: =(U18/C18)-1 -> 0
A19: PAJERO | C19: =+D19*3 -> 4800000 | D19: 1600000 | S19: =+SUM(F19:R19) -> 0 | U19: =+IFERROR(C19-SUM(O19:R19),"") -> 4800000 | V19: =(U19/C19)-1 -> 0
A20: PICK-UP DOUBLE CABINE | C20: =+D20*3 -> 10800000 | D20: 3600000 | S20: =+SUM(F20:R20) -> 0 | U20: =+IFERROR(C20-SUM(O20:R20),"") -> 10800000 | V20: =(U20/C20)-1 -> 0
A21: CITERNE A GASOIL 15.000L | C21: =+D21*3 -> 8370000 | D21: 2790000 | S21: =+SUM(F21:R21) -> 0 | U21: =+IFERROR(C21-SUM(O21:R21),"") -> 8370000 | V21: =(U21/C21)-1 -> 0
A22: CITERNE A EAU 10.000L | C22: =+D22*3 -> 14880000 | D22: 4960000 | S22: =+SUM(F22:R22) -> 0 | U22: =+IFERROR(C22-SUM(O22:R22),"") -> 14880000 | V22: =(U22/C22)-1 -> 0
A23: EAU | C23: =+D23*3 -> 576600 | D23: 192200 | S23: =+SUM(F23:R23) -> 0 | U23: =+IFERROR(C23-SUM(O23:R23),"") -> 576600 | V23: =(U23/C23)-1 -> 0
A25: TOTAL ENGINS+LOGISTIQUE | C25: =SUM(C10:C23) -> 559091601 | D25: =SUM(D10:D23) -> 186363867 | F25: =SUM(F10:F23) -> 0 | G25: =SUM(G10:G23) -> 0 | H25: =SUM(H10:H23) -> 0 | I25: =SUM(I10:I23) -> 0 | J25: =SUM(J10:J23) -> 0 | K25: =SUM(K10:K23) -> 0 | L25: =SUM(L10:L23) -> 0 | M25: =SUM(M10:M23) -> 0 | ... S25: =SUM(S10:S23) -> 0 | U25: =+IFERROR(C25-SUM(O25:R25),"") -> 559091601 | V25: =(U25/C25)-1 -> 0

Sheet GASOIL
A8: DESIGNATION | C8: BUDGET (FCFA) | F8: DEPENSES (FCFA) | U8: BUDGET vs. DEPENSES (FCFA)
C9: CUMUL 3 MOIS | D9: MENSUEL | F9: 42736 | G9: 42767 | H9: 42795 | I9: 42826 | J9: 42856 | K9: 42887 | L9: 42917 | M9: 42948 | N9: 42979 | O9: 43009 | P9: 43040 | Q9: 43070 | R9: 43101 | S9: TOTAL | U9: DIFFERENCE (+/-) | V9: %
A10: CHARGEUR 950 H | C10: =+D10*3 -> 29283840 | D10: 9761280 | F10: 0 | G10: 0 | H10: 0 | I10: 0 | J10: 0 | K10: 0 | L10: 0 | M10: 0 | N10: 0 | O10: 0 | P10: 0 | Q10: 0 | R10: 0 | S10: =+SUM(F10:R10) -> 0 | U10: =+IFERROR(C10-SUM(O10:R10),"") -> 29283840 | V10: =(U10/C10)-1 -> 0
A11: BULL D7 | C11: =+D11*3 -> 76870080 | D11: 25623360 | S11: =+SUM(F11:R11) -> 0 | U11: =+IFERROR(C11-SUM(O11:R11),"") -> 76870080 | V11: =(U11/C11)-1 -> 0
A12: COMPACTEUR TAMPING 825(LAME ET PICOT) | C12: =+D12*3 -> 43925760 | D12: 14641920 | S12: =+SUM(F12:R12) -> 0 | U12: =+IFERROR(C12-SUM(O12:R12),"") -> 43925760 | V12: =(U12/C12)-1 -> 0
A13: GRADER | C13: =+D13*3 -> 3660480 | D13: 1220160 | S13: =+SUM(F13:R13) -> 0 | U13: =+IFERROR(C13-SUM(O13:R13),"") -> 3660480 | V13: =(U13/C13)-1 -> 0
A14: PELLE 320 | C14: =+D14*3 -> 4026528 | D14: 1342176 | S14: =+SUM(F14:R14) -> 0 | U14: =+IFERROR(C14-SUM(O14:R14),"") -> 4026528 | V14: =(U14/C14)-1 -> 0
A15: COMPACTEUR VBRANT | C15: =+D15*3 -> 2745360 | D15: 915120 | S15: =+SUM(F15:R15) -> 0 | U15: =+IFERROR(C15-SUM(O15:R15),"") -> 2745360 | V15: =(U15/C15)-1 -> 0
A16: CAMION BENNE 15 M3/ 25 T | C16: =+D16*3 -> 10981440 | D16: 3660480 | S16: =+SUM(F16:R16) -> 0 | U16: =+IFERROR(C16-SUM(O16:R16),"") -> 10981440 | V16: =(U16/C16)-1 -> 0
A17: TRANSPORT PERSONNEL | C17: =+D17*3 -> 5490720 | D17: 1830240 | S17: =+SUM(F17:R17) -> 0 | U17: =+IFERROR(C17-SUM(O17:R17),"") -> 5490720 | V17: =(U17/C17)-1 -> 0
A18: ECLAIRAGE SITE | C18: =+D18*3 -> 7320960 | D18: 2440320 | S18: =+SUM(F18:R18) -> 0 | U18: =+IFERROR(C18-SUM(O18:R18),"") -> 7320960 | V18: =(U18/C18)-1 -> 0
A19: PAJERO | C19: =+D19*3 -> 915120 | D19: 305040 | S19: =+SUM(F19:R19) -> 0 | U19: =+IFERROR(C19-SUM(O19:R19),"") -> 915120 | V19: =(U19/C19)-1 -> 0
A20: PICK-UP DOUBLE CABINE | C20: =+D20*3 -> 2745360 | D20: 915120 | S20: =+SUM(F20:R20) -> 0 | U20: =+IFERROR(C20-SUM(O20:R20),"") -> 2745360 | V20: =(U20/C20)-1 -> 0
A21: CITERNE A GASOIL 15.000L | C21: =+D21*3 -> 3660480 | D21: 1220160 | S21: =+SUM(F21:R21) -> 0 | U21: =+IFERROR(C21-SUM(O21:R21),"") -> 3660480 | V21: =(U21/C21)-1 -> 0
A22: CITERNE A EAU 10.000L | C22: =+D22*3 -> 3660480 | D22: 1220160 | S22: =+SUM(F22:R22) -> 0 | U22: =+IFERROR(C22-SUM(O22:R22),"") -> 3660480 | V22: =(U22/C22)-1 -> 0
A24: TOTAL GASOIL | C24: =SUM(C10:C22) -> 195286608 | D24: =SUM(D10:D22) -> 65095536 | F24: =SUM(F10:F22) -> 0 | G24: =SUM(G10:G22) -> 0 | H24: =SUM(H10:H22) -> 0 | I24: =SUM(I10:I22) -> 0 | J24: =SUM(J10:J22) -> 0 | K24: =SUM(K10:K22) -> 0 | L24: =SUM(L10:L22) -> 0 | M24: =SUM(M10:M22) -> 0 | ... S24: =SUM(S10:S22) -> 0 | U24: =+IFERROR(C24-SUM(O24:R24),"") -> 195286608 | V24: =(U24/C24)-1 -> 0

Sheet MO
A8: DESIGNATION | C8: BUDGET (FCFA) | F8: DEPENSES (FCFA) | U8: BUDGET vs. DEPENSES (FCFA)
C9: CUMUL 3 MOIS | D9: MENSUEL | F9: 42736 | G9: 42767 | H9: 42795 | I9: 42826 | J9: 42856 | K9: 42887 | L9: 42917 | M9: 42948 | N9: 42979 | O9: 43009 | P9: 43040 | Q9: 43070 | R9: 43101 | S9: TOTAL | U9: DIFFERENCE (+/-) | V9: %
A10: CHEF DE PROJET | C10: =+D10*3 -> 0 | D10: 0 | F10: 0 | G10: 0 | H10: 0 | I10: 0 | J10: 0 | K10: 0 | L10: 0 | M10: 0 | N10: 0 | O10: 0 | P10: 0 | Q10: 0 | R10: 0 | S10: =+SUM(F10:R10) -> 0 | U10: =+IFERROR(C10-SUM(O10:R10),"") -> 0 | V10: =IFERROR((U10/C10)-1,0) -> 0
A11: SUPERVISEUR SITE(CC) | C11: =+D11*3 -> 17640000 | D11: 5880000 | S11: =+SUM(F11:R11) -> 0 | U11: =+IFERROR(C11-SUM(O11:R11),"") -> 17640000 | V11: =IFERROR((U11/C11)-1,0) -> 0
A12: MECANICIEN / ENTRETIEN | C12: =+D12*3 -> 5040000 | D12: 1680000 | S12: =+SUM(F12:R12) -> 0 | U12: =+IFERROR(C12-SUM(O12:R12),"") -> 5040000 | V12: =IFERROR((U12/C12)-1,0) -> 0
A13: CONTROLEURS PONT BASCULE (COMMIS) | C13: =+D13*3 -> 5040000 | D13: 1680000 | S13: =+SUM(F13:R13) -> 0 | U13: =+IFERROR(C13-SUM(O13:R13),"") -> 5040000 | V13: =IFERROR((U13/C13)-1,0) -> 0
A14: CONDUCTEURS ENGINS | C14: =+D14*3 -> 0 | D14: 0 | S14: =+SUM(F14:R14) -> 0 | U14: =+IFERROR(C14-SUM(O14:R14),"") -> 0 | V14: =IFERROR((U14/C14)-1,0) -> 0
A15: GARDES | C15: =+D15*3 -> 2970000 | D15: 990000 | S15: =+SUM(F15:R15) -> 0 | U15: =+IFERROR(C15-SUM(O15:R15),"") -> 2970000 | V15: =IFERROR((U15/C15)-1,0) -> 0
A16: INGENIEURS HSE | C16: =+D16*3 -> 4500000 | D16: 1500000 | S16: =+SUM(F16:R16) -> 0 | U16: =+IFERROR(C16-SUM(O16:R16),"") -> 4500000 | V16: =IFERROR((U16/C16)-1,0) -> 0
A17: CONTROLEURS ZONE DE DECHARGEMENT(CE) | C17: =+D17*3 -> 5040000 | D17: 1680000 | S17: =+SUM(F17:R17) -> 0 | U17: =+IFERROR(C17-SUM(O17:R17),"") -> 5040000 | V17: =IFERROR((U17/C17)-1,0) -> 0
A18: INFIRMIER | C18: =+D18*3 -> 3000000 | D18: 1000000 | S18: =+SUM(F18:R18) -> 0 | U18: =+IFERROR(C18-SUM(O18:R18),"") -> 3000000 | V18: =IFERROR((U18/C18)-1,0) -> 0
A19: EMPLOYE DE PROPRETE | C19: =+D19*3 -> 1800000 | D19: 600000 | S19: =+SUM(F19:R19) -> 0 | U19: =+IFERROR(C19-SUM(O19:R19),"") -> 1800000 | V19: =IFERROR((U19/C19)-1,0) -> 0
A20: CHAUFFEURS DE VEHICULES | C20: =+D20*3 -> 2100000 | D20: 700000 | S20: =+SUM(F20:R20) -> 0 | U20: =+IFERROR(C20-SUM(O20:R20),"") -> 2100000 | V20: =IFERROR((U20/C20)-1,0) -> 0
A22: TOTALMO | C22: =SUM(C10:C20) -> 47130000 | D22: =SUM(D10:D20) -> 15710000 | F22: =SUM(F10:F20) -> 0 | G22: =SUM(G10:G20) -> 0 | H22: =SUM(H10:H20) -> 0 | I22: =SUM(I10:I20) -> 0 | J22: =SUM(J10:J20) -> 0 | K22: =SUM(K10:K20) -> 0 | L22: =SUM(L10:L20) -> 0 | M22: =SUM(M10:M20) -> 0 | ... S22: =SUM(S10:S20) -> 0 | U22: =+IFERROR(C22-SUM(O22:R22),"") -> 47130000 | V22: =(U22/C22)-1 -> 0

Sheet FRAIS DE CHANTIER
A8: DESIGNATION | C8: BUDGET (FCFA) | F8: DEPENSES (FCFA) | U8: BUDGET vs. DEPENSES (FCFA)
C9: CUMUL 3 MOIS | D9: MENSUEL | F9: 42736 | G9: 42767 | H9: 42795 | I9: 42826 | J9: 42856 | K9: 42887 | L9: 42917 | M9: 42948 | N9: 42979 | O9: 43009 | P9: 43040 | Q9: 43070 | R9: 43101 | S9: TOTAL | U9: DIFFERENCE (+/-) | V9: %
A10: POSTE DE SECOURS | C10: =+D10*3 -> 5940000 | D10: 1980000 | F10: 0 | G10: 0 | H10: 0 | I10: 0 | J10: 0 | K10: 0 | L10: 0 | M10: 0 | N10: 0 | O10: 0 | P10: 0 | Q10: 0 | R10: 0 | S10: =+SUM(F10:R10) -> 0 | U10: =+IFERROR(C10-SUM(O10:R10),"") -> 5940000 | V10: =(U10/C10)-1 -> 0
A11: BUREAU SUPERVISION | C11: =+D11*3 -> 4950000 | D11: 1650000 | S11: =+SUM(F11:R11) -> 0 | U11: =+IFERROR(C11-SUM(O11:R11),"") -> 4950000 | V11: =(U11/C11)-1 -> 0
A12: IT | C12: =+D12*3 -> 1683000 | D12: 561000 | S12: =+SUM(F12:R12) -> 0 | U12: =+IFERROR(C12-SUM(O12:R12),"") -> 1683000 | V12: =(U12/C12)-1 -> 0
A13: BUDGET CREDIT TELEPHONE+ BOX 4G | C13: =+D13*3 -> 1861200 | D13: 620400 | S13: =+SUM(F13:R13) -> 0 | U13: =+IFERROR(C13-SUM(O13:R13),"") -> 1861200 | V13: =(U13/C13)-1 -> 0
A14: CANTINE | C14: =+D14*3 -> 4950000 | D14: 1650000 | S14: =+SUM(F14:R14) -> 0 | U14: =+IFERROR(C14-SUM(O14:R14),"") -> 4950000 | V14: =(U14/C14)-1 -> 0
A15: REPAS | C15: =+D15*3 -> 3906000 | D15: 1302000 | S15: =+SUM(F15:R15) -> 0 | U15: =+IFERROR(C15-SUM(O15:R15),"") -> 3906000 | V15: =(U15/C15)-1 -> 0
A16: SANITAIRE CHANTIER | C16: =+D16*3 -> 4554000 | D16: 1518000 | S16: =+SUM(F16:R16) -> 0 | U16: =+IFERROR(C16-SUM(O16:R16),"") -> 4554000 | V16: =(U16/C16)-1 -> 0
A17: EQUIPEMENT DE SECURITE PERSONNEL | C17: =+D17*3 -> 12000000 | D17: 4000000 | S17: =+SUM(F17:R17) -> 0 | U17: =+IFERROR(C17-SUM(O17:R17),"") -> 12000000 | V17: =(U17/C17)-1 -> 0
A18: CAMPAGNE DE VACCINATION | C18: =+D18*3 -> 480000 | D18: 160000 | S18: =+SUM(F18:R18) -> 0 | U18: =+IFERROR(C18-SUM(O18:R18),"") -> 480000 | V18: =(U18/C18)-1 -> 0
A19: ZONE LAVAGE VEHICULE | C19: =+D19*3 -> 0 | D19: 0 | S19: =+SUM(F19:R19) -> 0 | U19: =+IFERROR(C19-SUM(O19:R19),"") -> 0 | V19: =(U19/C19)-1 -> #DIV/0!
A20: CONTAINER 20' POUR ABRI OUVRIER | C20: =+D20*3 -> 7200000 | D20: 2400000 | S20: =+SUM(F20:R20) -> 0 | U20: =+IFERROR(C20-SUM(O20:R20),"") -> 7200000 | V20: =(U20/C20)-1 -> 0
A21: PROVISION 10% | C21: =+D21*3 -> 4752420 | D21: 1584140 | S21: =+SUM(F21:R21) -> 0 | U21: =+IFERROR(C21-SUM(O21:R21),"") -> 4752420 | V21: =(U21/C21)-1 -> 0
A23: TOTAL FRAIS DE CHANTIER | C23: =SUM(C10:C21) -> 52276620 | D23: =SUM(D10:D21) -> 17425540 | F23: =SUM(F10:F21) -> 0 | G23: =SUM(G10:G21) -> 0 | H23: =SUM(H10:H21) -> 0 | I23: =SUM(I10:I21) -> 0 | J23: =SUM(J10:J21) -> 0 | K23: =SUM(K10:K21) -> 0 | L23: =SUM(L10:L21) -> 0 | M23: =SUM(M10:M21) -> 0 | ... S23: =SUM(S10:S21) -> 0 | U23: =+IFERROR(C23-SUM(O23:R23),"") -> 52276620 | V23: =(U23/C23)-1 -> 0

Sheet INSTALLATION ENTREPRISE
A8: DESIGNATION | C8: BUDGET (FCFA) | F8: DEPENSES (FCFA) | U8: BUDGET vs. DEPENSES (FCFA)
C9: CUMUL 3 MOIS | D9: MENSUEL | F9: 42736 | G9: 42767 | H9: 42795 | I9: 42826 | J9: 42856 | K9: 42887 | L9: 42917 | M9: 42948 | N9: 42979 | O9: 43009 | P9: 43040 | Q9: 43070 | R9: 43101 | S9: TOTAL | U9: DIFFERENCE (+/-) | V9: %
A10: AMENEE MATERIEL + REPLI(PORTE CHAR) | C10: =+D10*3 -> 3999999 | D10: 1333333 | F10: 0 | G10: 0 | H10: 0 | I10: 0 | J10: 0 | K10: 0 | L10: 0 | M10: 0 | N10: 0 | O10: 0 | P10: 0 | Q10: 0 | R10: 0 | S10: =+SUM(F10:R10) -> 0 | U10: =+IFERROR(C10-SUM(O10:R10),"") -> 3999999 | V10: =(U10/C10)-1 -> 0
A11: AMENEE MATERIEL + REPLI(PLATEAU) | C11: =+D11*3 -> 1500000 | D11: 500000 | S11: =+SUM(F11:R11) -> 0 | U11: =+IFERROR(C11-SUM(O11:R11),"") -> 1500000 | V11: =(U11/C11)-1 -> 0
A12: BRANCHEMENT EP + ELECTRIQUE | C12: =+D12*3 -> 99999 | D12: 33333 | S12: =+SUM(F12:R12) -> 0 | U12: =+IFERROR(C12-SUM(O12:R12),"") -> 99999 | V12: =(U12/C12)-1 -> 0
A13: PLATEFORME LOGISTIQUE | C13: =+D13*3 -> 2160000 | D13: 720000 | S13: =+SUM(F13:R13) -> 0 | U13: =+IFERROR(C13-SUM(O13:R13),"") -> 2160000 | V13: =(U13/C13)-1 -> 0
A15: TOTALINSTALLATION ENTREPRISE | C15: =SUM(C10:C13) -> 7759998 | D15: =SUM(D10:D13) -> 2586666 | F15: =SUM(F10:F13) -> 0 | G15: =SUM(G10:G13) -> 0 | H15: =SUM(H10:H13) -> 0 | I15: =SUM(I10:I13) -> 0 | J15: =SUM(J10:J13) -> 0 | K15: =SUM(K10:K13) -> 0 | L15: =SUM(L10:L13) -> 0 | M15: =SUM(M10:M13) -> 0 | ... S15: =SUM(S10:S13) -> 0 | U15: =+IFERROR(C15-SUM(O15:R15),"") -> 7759998 | V15: =(U15/C15)-1 -> 0

Sheet PLAN D'URGENCE
A8: DESIGNATION | C8: BUDGET (FCFA) | F8: DEPENSES (FCFA) | U8: BUDGET vs. DEPENSES (FCFA)
C9: CUMUL 3 MOIS | D9: MENSUEL | F9: 42736 | G9: 42767 | H9: 42795 | I9: 42826 | J9: 42856 | K9: 42887 | L9: 42917 | M9: 42948 | N9: 42979 | O9: 43009 | P9: 43040 | Q9: 43070 | R9: 43101 | S9: TOTAL | U9: DIFFERENCE (+/-) | V9: %
A10: REFECTION BUREAU ANASSUR | C10: =+D10*3 -> 3435000 | D10: 1145000 | F10: 0 | G10: 0 | H10: 0 | I10: 0 | J10: 0 | K10: 0 | L10: 0 | M10: 0 | N10: 0 | O10: 0 | P10: 0 | Q10: 0 | R10: 0 | S10: =+SUM(F10:R10) -> 0 | U10: =+IFERROR(C10-SUM(O10:R10),"") -> 3435000 | V10: =(U10/C10)-1 -> 0
A11: LOCAL ENTREPRISE TRANSPORTS | C11: =+D11*3 -> 30000000 | D11: 10000000 | S11: =+SUM(F11:R11) -> 0 | U11: =+IFERROR(C11-SUM(O11:R11),"") -> 30000000 | V11: =(U11/C11)-1 -> 0
A12: REFECTION ROUTE ACCES DECHARGE | C12: =+D12*3 -> 118500000 | D12: 39500000 | S12: =+SUM(F12:R12) -> 0 | U12: =+IFERROR(C12-SUM(O12:R12),"") -> 118500000 | V12: =(U12/C12)-1 -> 0
A13: AJOUT BENNE A DECHETS | C13: =+D13*3 -> 2700000 | D13: 900000 | S13: =+SUM(F13:R13) -> 0 | U13: =+IFERROR(C13-SUM(O13:R13),"") -> 2700000 | V13: =(U13/C13)-1 -> 0
A14: NETTOYAGE CANIVEAU URGENT | C14: =+D14*3 -> 7200000 | D14: 2400000 | S14: =+SUM(F14:R14) -> 0 | U14: =+IFERROR(C14-SUM(O14:R14),"") -> 7200000 | V14: =(U14/C14)-1 -> 0
A15: SIGNALISATION | C15: =+D15*3 -> 1500000 | D15: 500000 | S15: =+SUM(F15:R15) -> 0 | U15: =+IFERROR(C15-SUM(O15:R15),"") -> 1500000 | V15: =(U15/C15)-1 -> 0
A17: TOTAL PLAN D'URGENCE | C17: =SUM(C10:C15) -> 163335000 | D17: =SUM(D10:D15) -> 54445000 | F17: =SUM(F10:F15) -> 0 | G17: =SUM(G10:G15) -> 0 | H17: =SUM(H10:H15) -> 0 | I17: =SUM(I10:I15) -> 0 | J17: =SUM(J10:J15) -> 0 | K17: =SUM(K10:K15) -> 0 | L17: =SUM(L10:L15) -> 0 | M17: =SUM(M10:M15) -> 0 | ... S17: =SUM(S10:S15) -> 0 | U17: =+IFERROR(C17-SUM(O17:R17),"") -> 163335000 | V17: =(U17/C17)-1 -> 0

Sheet MATERIAUX
A8: DESIGNATION | C8: BUDGET (FCFA) | F8: DEPENSES (FCFA) | U8: BUDGET vs. DEPENSES (FCFA)
C9: CUMUL 3 MOIS | D9: MENSUEL | F9: 42736 | G9: 42767 | H9: 42795 | I9: 42826 | J9: 42856 | K9: 42887 | L9: 42917 | M9: 42948 | N9: 42979 | O9: 43009 | P9: 43040 | Q9: 43070 | R9: 43101 | S9: TOTAL | U9: DIFFERENCE (+/-) | V9: %
A10: LATERITE POUR PLATEFORME DECHARGEMENT | C10: =+D10*3 -> 42768000 | D10: 14256000 | F10: 0 | G10: 0 | H10: 0 | I10: 0 | J10: 0 | K10: 0 | L10: 0 | M10: 0 | N10: 0 | O10: 0 | P10: 0 | Q10: 0 | R10: 0 | S10: =+SUM(F10:R10) -> 0 | U10: =+IFERROR(C10-SUM(O10:R10),"") -> 42768000 | V10: =(U10/C10)-1 -> 0
A12: TOTAL GASOIL | C12: =SUM(C10:C10) -> 42768000 | D12: =SUM(D10:D10) -> 14256000 | F12: =SUM(F10:F10) -> 0 | G12: =SUM(G10:G10) -> 0 | H12: =SUM(H10:H10) -> 0 | I12: =SUM(I10:I10) -> 0 | J12: =SUM(J10:J10) -> 0 | K12: =SUM(K10:K10) -> 0 | L12: =SUM(L10:L10) -> 0 | M12: =SUM(M10:M10) -> 0 | ... S12: =SUM(S10:S10) -> 0 | U12: =+IFERROR(C12-SUM(O12:R12),"") -> 42768000 | V12: =(U12/C12)-1 -> 0

Sheet ENG1
A1: N°COMPTE | B1: MONTANT CPTA
A2: 605301 | B2: 1500000
A3: 605304
A4: 622001 | B4: 15000000
A5: 622300
A6: 622301 | B6: 0
A7: 622302
A8: 622399
A9: 641300
A10: 641301
A11: 641302 | B11: 10000000
A12: 651900
A13: 661101
A14: 662101
A15: 662102

Sheet ENG2
A1: DEPENSES MOIS N°1
A2: N°COMPTE | B2: MONTANT CPTA
A3: 605301 | B3: 1500000
A4: 605304
A5: 622001
A6: 622300
A7: 622301 | B7: 0
A8: 622302
A9: 622399
A10: 641300
A11: 641301
A12: 641302
A13: 651900
A14: 661101
A15: 662101
A16: 662102

Sheet ENG3
A1: DEPENSES MOIS N°1
A2: N°COMPTE | B2: MONTANT CPTA
A3: 605301 | B3: 1500000
A4: 605304
A5: 622001
A6: 622300
A7: 622301 | B7: 0
A8: 622302
A9: 622399
A10: 641300
A11: 641301
A12: 641302
A13: 651900
A14: 661101
A15: 662101
A16: 662102
